 Dungeon Crawl Stone Soup version 0.31-a0-1499-ge0622b2318 (webtiles) character file.

Game seed: 3485320051315853775

630 jlumianski the Ruffian (level 7, 0/53 HPs)
             Began as a Gnoll Shapeshifter on Dec 30, 2023.
             Slain by a gnoll
             ... wielding a +0 flail
             ... led by a gnoll bouda
              (8 damage)
             ... on level 4 of the Dungeon.
             The game lasted 00:12:52 (3231 turns).

jlumianski the Ruffian (Gnoll Shapeshifter)         Turns: 3231, Time: 00:12:53

Health: 0/53       AC: 10    Str: 15    XL:     7   Next: 48%
Magic:  10/10      EV: 11    Int:  9    God:
Gold:   209        SH:  0    Dex: 12    Spells: 11/11 levels left

rFire   . .          .
                       - Unarmed
rCold   . . .        (no shield)
rNeg    . . .        t - +0 scale mail
rPois   .            (helmet currently unavailable)
rElec   .            (cloak currently unavailable)
rCorr   .            (gloves currently unavailable)
SInv    .            (boots currently unavailable)
Will    +....        (no amulet) Stlth
                     A - +4 ring of protection
HPRegen 0.28/turn    q - ring of willpower
MPRegen 0.12/turn

%: no passive effects
@: confused, on fire, beast-form, ambrosia-drunk, weakened, glowing
A: beast (slay +4), fangs 1, strong nose, distributed training
a: Begin Untransformation


You were on level 4 of the Dungeon.
You were a hulking beast.
You visited 1 branch of the dungeon, and saw 5 of its levels.

You collected 209 gold pieces.

Inventory:

Missiles
 s - 3 boomerangs
 u - 13 poisoned darts (quivered)
Armour
 a - a +0 animal skin
 h - a +0 leather armour
 t - a +0 scale mail (worn)
 y - a +0 pair of gloves
Jewellery
 g - a ring of ice
 k - a ring of magical power
 q - a ring of willpower (right hand)
 A - a +4 ring of protection (left hand)
Talismans
 c - a beast talisman
 d - a flux talisman
Scrolls
 f - a scroll of enchant weapon
 i - a scroll of blinking {unknown}
 l - a scroll of brand weapon {unknown}
 m - 3 scrolls of vulnerability
 p - a scroll of noise {unknown}
 r - a scroll of fog {unknown}
 v - 2 scrolls of teleportation
 w - a scroll of enchant armour {unknown}
 z - a scroll of acquirement {unknown}
 D - a scroll of amnesia {unknown}
Potions
 b - 4 potions of lignification
 e - a potion of invisibility
 o - a potion of attraction {unknown}
 x - a potion of haste {unknown}
 B - a potion of resistance {unknown}
 C - a potion of heal wounds {unknown}


   Skills:
 + Level 3.7 Fighting
 + Level 2.6 Short Blades
 + Level 2.6 Long Blades
 + Level 2.6 Axes
 + Level 2.6 Maces & Flails
 + Level 2.6 Polearms
 + Level 2.6 Staves
 + Level 2.6 Ranged Weapons
 + Level 2.6 Throwing
 + Level 2.6 Armour
 + Level 5.3 Dodging
 + Level 2.6 Stealth
 + Level 2.6 Shields
 + Level 7.1 Unarmed Combat
 + Level 2.6 Spellcasting
 + Level 2.1 Conjurations
 + Level 2.1 Hexes
 + Level 2.1 Summonings
 + Level 2.1 Necromancy
 + Level 2.1 Translocations
 + Level 2.1 Fire Magic
 + Level 2.1 Ice Magic
 + Level 2.1 Air Magic
 + Level 2.1 Earth Magic
 + Level 2.1 Alchemy
 + Level 2.9 Invocations
 + Level 2.6 Evocations
 + Level 7.0 Shapeshifting


You had 11 spell levels left.
You didn't know any spells.
Your spell library contained the following spells:

 Spells                   Type           Power      Damage    Failure   Level
 Necrotise                Necr           20%        1d5       45%         1
 Vampiric Draining        Necr           5%         2d6       83%         3
 Dimensional Bullseye     Hex/Tloc       2%         N/A       99%         4
 Martyr's Knell           Necr/Summ      5%         N/A       99%         4
 Olgreb's Toxic Radiance  Alch           5%         N/A       99%         4
 Curse of Agony           Necr           5%         N/A       100%        5
 Ozocubu's Refrigeration  Ice            2%         4d8       100%        7
 Summon Hydra             Summ           2%         N/A       100%        7
 Discord                  Hex            2%         N/A       100%        8
 Dragon's Call            Summ           2%         N/A       100%        9


Dungeon Overview and Level Annotations

Branches:
Dungeon (5/15)
 Temple: D:4-7

Altars:


Innate Abilities, Weirdness & Mutations

You are a hulking beast.
Your limbs bulge with bestial killing power. (Slay +4)
You have very sharp teeth.
Your uncanny sense of smell can sniff out nearby items.
Your experience applies equally to all skills.


Message History

You rip the net and break free!
The liquid fire burns you! The gnoll hits you but does no damage.
The gnoll bouda hits you with a +0 whip.
The gnoll hits you with a +0 flail. The gnoll closely misses you.
The liquid fire burns you!
* * * LOW HITPOINT WARNING * * *
The gnoll hits you from afar with a +0 halberd!
* * * LOW HITPOINT WARNING * * *
The gnoll bouda hits you with a +0 whip.
* * * LOW HITPOINT WARNING * * *
The gnoll hits you but does no damage. The gnoll misses you.
The bombardier beetle sprays incendiary fluid at you.
The burning spray hits you.
You are even more covered in liquid fire!
You shake off some of the fire as you move.
You climb upwards.
The liquid fire burns you!
* * * LOW HITPOINT WARNING * * *
There is a stone staircase leading down here.
You feel better. The liquid fire burns you!
* * * LOW HITPOINT WARNING * * *
The gnoll bouda hits you but does no damage.
The gnoll barely misses you. x2
You are confused.
You feel invigorated. The liquid fire burns you!
* * * LOW HITPOINT WARNING * * *
The gnoll bouda hits you with a +0 whip.
* * * LOW HITPOINT WARNING * * *
The gnoll hits you but does no damage. The gnoll closely misses you.
You shake off some of the fire as you move.
The liquid fire burns you!
* * * LOW HITPOINT WARNING * * *
The gnoll bouda gazes fiercely through you!
You feel your attacks grow feeble.
The gnoll bouda attacks as it pursues you!
The gnoll bouda misses you. The gnoll hits you with a +0 flail!
You die...

#.##.#.##)#.##..##
#####.##
.#.##.##.#.###.##
#.....# #.#†###.#.##
#..# ###.#####
##.#.#.#.## ##.###...#
##.#.#.## #.##..###
##.#.## ####..#.##
##### ## #....[..#
....## ####.......#
.....####.......h.##
......†.........gg#
#...#####.##....g.#
#~~†# #.##.###### #~~~#
#.##.##########
#~~~#####.#...).......#
#~~~#.....###########.#
#~.~##.#### #~~~##.#


You could see a gnoll bouda and 2 gnolls.

Vanquished Creatures
  2 ogres (D:4)
  A bombardier beetle (D:4)
  An orc priest (D:2)
  A gnoll bouda (D:4)
  Terence (D:3)
  An iguana (D:4)
  A sleepcap (D:4)
  An orc wizard (D:2)
  13 gnolls
  5 adders
  A ribbon worm (D:2)
  2 ufetubi (D:3)
  3 dart slugs
  6 orcs
  11 endoplasms
  9 giant cockroaches
  3 hobgoblins
  3 kobolds
  4 quokkas
  5 ball pythons
  4 bats (D:1)
  6 frilled lizards
  5 goblins
  6 rats
95 creatures vanquished.

Notes
Turn   | Place    | Note
-------+----------+-------------------------------------------
     0 | D:1      | jlumianski the Gnoll Shapeshifter began the quest for the
                  | Orb.
     0 | D:1      | Reached XP level 1. HP: 17/17 MP: 1/1
   141 | D:1      | Reached XP level 2. HP: 18/23 MP: 2/2
   423 | D:2      | Reached XP level 3. HP: 19/28 MP: 3/3
   480 | D:2      | Reached skill level 1 in Invocations
  1002 | D:2      | Reached skill level 1 in Short Blades
  1002 | D:2      | Reached skill level 1 in Long Blades
  1002 | D:2      | Reached skill level 1 in Axes
  1002 | D:2      | Reached skill level 1 in Maces & Flails
  1002 | D:2      | Reached skill level 1 in Polearms
  1002 | D:2      | Reached skill level 1 in Staves
  1002 | D:2      | Reached skill level 1 in Ranged Weapons
  1002 | D:2      | Reached skill level 1 in Throwing
  1002 | D:2      | Reached skill level 1 in Armour
  1002 | D:2      | Reached skill level 1 in Stealth
  1002 | D:2      | Reached skill level 1 in Shields
  1002 | D:2      | Reached skill level 1 in Spellcasting
  1002 | D:2      | Reached skill level 1 in Evocations
  1052 | D:2      | Reached XP level 4. HP: 16/34 MP: 5/5
  1774 | D:2      | Reached skill level 1 in Conjurations
  1774 | D:2      | Reached skill level 1 in Hexes
  1774 | D:2      | Reached skill level 1 in Summonings
  1774 | D:2      | Reached skill level 1 in Necromancy
  1774 | D:2      | Reached skill level 1 in Translocations
  1774 | D:2      | Reached skill level 1 in Fire Magic
  1774 | D:2      | Reached skill level 1 in Ice Magic
  1774 | D:2      | Reached skill level 1 in Air Magic
  1774 | D:2      | Reached skill level 1 in Earth Magic
  1774 | D:2      | Reached skill level 1 in Alchemy
  1784 | D:2      | Reached XP level 5. HP: 34/40 MP: 7/7
  2034 | D:5      | Entered Level 5 of the Dungeon
  2101 | D:4      | Noticed an ogre
  2106 | D:4      | Killed an ogre
  2107 | D:4      | Reached skill level 5 in Dodging
  2107 | D:4      | Reached XP level 6. HP: 47/47 MP: 9/9
  2150 | D:4      | Reached XP level 7. HP: 19/52 MP: 10/10
  2158 | D:4      | Got Sif Muna's Collected Works on Friendly Movement
  2807 | D:3      | Noticed Terence
  2813 | D:3      | Killed Terence
  3231 | D:4      | Slain by a gnoll

Illustrated notes

Levels and vault maps discovered:
D:1:      matt_arrival_spirals, layout_basic
D:2:      layout_basic
D:3:      layout_basic, uniq_terence
D:4:      minmay_inner_zag, layout_basic, portal_sewer_entry_f
D:5:      layout_rooms, amcnicky_altar_gilded, mainiacjoe_overflow_alcove_1,
          temple_statues

Skill      XL: |  1  2  3  4  5  6  7 |
---------------+----------------------+-----
Invocations    | 1 2 |  2.9
Short Blades   | 1 2 |  2.6
Long Blades    | 1 2 |  2.6
Axes           | 1 2 |  2.6
Maces & Flails | 1 2 |  2.6
Polearms       | 1 2 |  2.6
Staves         | 1 2 |  2.6
Ranged Weapons | 1 2 |  2.6
Throwing       | 1 2 |  2.6
Armour         | 1 2 |  2.6
Stealth        | 1 2 |  2.6
Shields        | 1 2 |  2.6
Spellcasting   | 1 2 |  2.6
Evocations     | 1 2 |  2.6
Conjurations   | 1 2 |  2.1
Hexes          | 1 2 |  2.1
Summonings     | 1 2 |  2.1
Necromancy     | 1 2 |  2.1
Translocations | 1 2 |  2.1
Fire Magic     | 1 2 |  2.1
Ice Magic      | 1 2 |  2.1
Air Magic      | 1 2 |  2.1
Earth Magic    | 1 2 |  2.1
Alchemy        | 1 2 |  2.1
Fighting       | 3 |  3.7
Dodging        | 5 |  5.3
Unarmed Combat | 7 |  7.1
Shapeshifting  | 7 |  7.0

Action                     |  1- 3 |  4- 6 |  7- 9 || total
---------------------------+-------+-------+-------++-------
  Melee: Unarmed           |    65 |    88 |    82 ||   235
         Bite              |     5 |    10 |    14 ||    29
         Punch             |     1 |     2 |     2 ||     5
  Throw: Dart              |       |     5 |       ||     5
    Use: Scroll            |     2 |     1 |     3 ||     6
         Potion            |       |       |     3 ||     3
   Stab: Sleeping          |       |     2 |       ||     2
 Armour: Animal skin       |    14 |       |       ||    14
         Leather armour    |    20 |    12 |       ||    32
         Scale mail        |       |    28 |    63 ||    91
  Dodge: Dodged            |    39 |    35 |    49 ||   123

Table legend: (Time is in decaauts)
 A = Elapsed time spent in this place.
 B = Non-inter-level travel time spent in this place.
 C = Inter-level travel time spent in this place.
 D = Time resting spent in this place.
 E = Time spent auto-exploring this place.
 F = Levels seen in this place.
 G = Mean time per level.
                   A        B        C        D        E       F      G
               +--------+--------+--------+--------+--------+-----+--------+
         Total |   3209 |   3132 |     77 |     94 |   1886 |   5 |  641.8 |
       Dungeon |   3209 |   3132 |     77 |     94 |   1886 |   5 |  641.8 |
               +--------+--------+--------+--------+--------+-----+--------+

Top non-repeatable levels by time:
     D:2: 1160 daAuts
     D:4: 954 daAuts
     D:1: 618 daAuts
     D:3: 468 daAuts
     D:5: 7 daAuts
